 Dungeon Crawl Stone Soup version 0.30.0-17-ge0270778cf (webtiles) character file.

Game seed: 18356999018944067130

85 JanusIIV the Trooper (level 4, -5/42 HPs)
             Began as a Minotaur Fighter on May 23, 2023.
             Killed by divine providence
             ... invoked by an orc priest
              (14 damage)
             ... on level 3 of the Dungeon.
             The game lasted 00:03:44 (2121 turns).

JanusIIV the Trooper (Minotaur Fighter)             Turns: 2121, Time: 00:03:45

Health: -5/42      AC:  6    Str: 22    XL:     4   Next: 25%
Magic:  3/3        EV:  9    Int:  5    God:
Gold:   99         SH:  0    Dex: 10    Spells: 3/3 levels left

rFire   . . .        a - +0 trident
rCold   . . .        c - +0 buckler
rNeg    . . .        b - +0 scale mail
rPois   .            (helmet restricted)
rElec   .            (no cloak)
rCorr   .            (no gloves)
SInv    .            (no boots)
Will    .....        (no amulet) Stlth
                     (no ring)
HPRegen 0.27/turn    (no ring)
MPRegen 0.08/turn

%: no passive effects
@: confused, ambrosia-drunk
A: horns 2, retaliatory headbutt
a: no special abilities


You were on level 3 of the Dungeon.
You visited 1 branch of the dungeon, and saw 3 of its levels.

You collected 99 gold pieces.

Inventory:

Hand Weapons
 a - a +0 trident (weapon)
Armour
 b - a +0 scale mail (worn)
 c - a +0 buckler (worn)
Jewellery
 r - an amulet of faith
Wands
 q - a wand of charming (7)
Scrolls
 g - a scroll of amnesia {unknown}
 h - a scroll of silence {unknown}
 k - a scroll of brand weapon {unknown}
 l - 2 scrolls of immolation {unknown}
 m - a scroll of fog {unknown}
 n - 3 scrolls of acquirement {unknown}
 o - a scroll of summoning {unknown}
 p - 2 scrolls of identify {unknown}
 s - a scroll of magic mapping {unknown}
Potions
 d - a potion of might
 f - a potion of invisibility {unknown}
 i - a potion of heal wounds {unknown}
 j - a potion of lignification {unknown}
 t - a potion of resistance {unknown}


   Skills:
 + Level 5.1 Fighting
 + Level 4.2 Polearms
 - Level 3.6 Armour
 - Level 3.6 Shields


You had 3 spell levels left.
You didn't know any spells.
Your spell library was empty.

Dungeon Overview and Level Annotations

Branches:
Dungeon (3/15)

Altars:


Innate Abilities, Weirdness & Mutations

You have a pair of horns on your head.
You reflexively headbutt those who attack you in melee.


Message History

You bump into the rock wall.
The orc priest invokes the aid of Beogh against you.
Beogh smites you!
* * * LOW HITPOINT WARNING * * *
Something hits you but does no damage.
You bump into the rock wall.
The orc priest barely misses you. Something hits you but does no damage.
It was a potion of ambrosia.
You are more confused.
You feel invigorated.
An orc comes into view. It is wielding a +0 dagger.
The orc priest hits you with a +0 club.
* * * LOW HITPOINT WARNING * * *
Something hits you but does no damage.
You bump into the rock wall.
The orc shouts!
The orc priest hits you but does no damage.
Something hits you.
* * * LOW HITPOINT WARNING * * *
You bump into the rock wall.
The orc priest barely misses you. Something hits you.
* * * LOW HITPOINT WARNING * * *
You hit the orc priest but do no damage.
The orc priest is severely wounded.
The orc priest hits you with a +0 club.
Something hits you but does no damage. x2
The orc priest calls down the wrath of Beogh upon you.
Pain shoots through your body!
* * * LOW HITPOINT WARNING * * *
You bump into the rock wall.
The orc priest hits you but does no damage.
Something hits you but does no damage.
You completely miss the orc priest.
The orc priest is severely wounded.
The orc priest hits you with a +0 club.
* * * LOW HITPOINT WARNING * * *
The orc priest attacks as you move away!
The orc priest hits you but does no damage.
The orc priest invokes the aid of Beogh against you.
Beogh smites you!
You die...

###.#####....
..#.#........ #.
#.#.#........ #.
#.#.#.#[..... #.
#####.#.#.#.....> ..
...#.....#.#...# #.
###.###.#.#......
#.##)...............
###.##.#@.#.###.#.#.#....
......o..##.# #.#.#.#.#.#
###.##o####.# #.#.#.#.#..
#..####+###.#.#'#'###
...##.................
.>.....................
#.... #.......###.......
#... #.....†.<......###
#... #.................


You could see an orc priest and an orc.

Vanquished Creatures
  2 adders (D:2)
  An ufetubus (D:3)
  An orc (D:3)
  8 endoplasms
  4 goblins
  6 hobgoblins
  9 kobolds
  6 quokkas
  7 ball pythons
  4 bats
  3 frilled lizards
  6 rats
57 creatures vanquished.

Notes
Turn   | Place    | Note
-------+----------+-------------------------------------------
     0 | D:1      | JanusIIV the Minotaur Fighter began the quest for the Orb.
     0 | D:1      | Reached XP level 1. HP: 19/19 MP: 0/0
    66 | D:1      | Reached skill level 4 in Fighting
    71 | D:1      | Reached XP level 2. HP: 27/27 MP: 1/1
   164 | D:1      | Found a faded altar of an unknown god.
   640 | D:2      | Reached XP level 3. HP: 34/34 MP: 2/2
  1001 | D:2      | Reached skill level 5 in Fighting
  1182 | D:2      | Reached XP level 4. HP: 42/42 MP: 3/3
  2113 | D:3      | HP: 1/42 [orc priest/divine providence (14)]
  2118 | D:3      | HP: 2/42 [orc priest/nerve-wracking pain (14)]
  2121 | D:3      | Killed from afar by an orc priest

Illustrated notes

Levels and vault maps discovered:
D:1:      nicolae_arrival_washed_ashore, layout_rooms,
          hellmonk_ecumenical_altar_arch_garden
D:2:      layout_basic
D:3:      layout_basic

Skill      XL: |  1  2  3  4 |
---------------+-------------+-----
Fighting       | 4 5 |  5.1
Polearms       | 3 4 |  4.2
Armour         | |  3.6
Shields        | |  3.6

Action                     |  1- 3 |  4- 6 || total
---------------------------+-------+-------++-------
  Melee: Trident           |   103 |    30 ||   133
         Headbutt          |    10 |     2 ||    12
    Use: Potion            |       |     1 ||     1
 Armour: Scale mail        |    25 |    20 ||    45
  Dodge: Dodged            |    29 |     5 ||    34
  Block: Buckler           |    17 |     3 ||    20
